AoeStats
← AiM | Fubuki Sinri

Pilgrims

510030238Analyzed
4v4 RM · 4d ago on Sep 29, 2026· 59m 9s· 8 players
Game mode
Random Map
Map size
Large (8 player)
Population
200
Speed
Normal
Resources
Standard
Victory
Conquest
Starting age
Dark Age
Ending age
Imperial Age
RankedLock teamsTeams togetherTeam positionsShared explorationLock speedFull tech treeHidden civsTurbo modeCheats
Victory
Defeat
🇹🇼 Celts · Taiwan
1529
+19
🇺🇸 Saxons · United States
1516
+20
🇭🇰 Teutons · Hong Kong SAR China
1497
+21
🇹🇼 Aztecs · Taiwan
1470
+21
1628
-21
🇨🇱 Persians · Chile
1626
-21
🇦🇷 Khitans · Argentina
1583
-20
🇲🇽 Vietnamese · Mexico
1574
-19
Polestar
8:01 Loom
10:43 Feudal Age
13:57 Forging
15:34 Fishing Lines
17:47 Fletching
18:29 Double-Bit Axe
20:01 Wheelbarrow
25:17 Castle Age
24:12 Horse Collar
24:25 Stone Mining
24:26 Gold Mining
27:16 Bow Saw
27:07 Heavy Plow
27:45 Gold Shaft Mining
29:53 Hand Cart
35:36 Imperial Age
34:19 Iron Casting
33:44 Scale Mail Armor
33:48 Squires
33:33 Arson
36:13 Chain Mail Armor
35:48 Shield Wall
36:19 Elite Hearth Troop
38:01 Plate Mail Armor
37:53 Conscription
41:44 Elite Varangian Guard
42:15 Gambesons
42:53 Pikeman
45:24 Caravan
47:30 Bodkin Arrow
48:00 Ballistics
47:48 Siege Engineers
47:26 Treadmill Crane
48:47 Chemistry
49:17 Bracer
49:48 Guard Tower
50:26 Padded Archer Armor
51:37 Keep
50:59 Murder Holes
52:32 Hoardings
51:56 Pikeman
54:23 Halberdier
鬼洗
5:45 Loom
12:20 Feudal Age
17:01 Castle Age
18:03 Double-Bit Axe
29:45 Bow Saw
30:14 Wheelbarrow
30:31 Gold Mining
45:15 Imperial Age
43:52 Forging
43:42 Scale Mail Armor
45:04 Ballistics
45:21 Iron Casting
44:08 Pikeman
44:46 Pikeman
45:24 Halberdier
46:20 Chain Mail Armor
46:21 Furor Celtica
47:07 Hand Cart
46:31 Heavy Scorpion
46:36 Capped Ram
48:29 Siege Engineers
48:09 Siege Ram
53:07 Blast Furnace
52:45 Gold Shaft Mining
52:01 Stone Mining
51:52 Horse Collar
54:02 Siege Engineers
54:57 Chemistry
(3A) Lü Bu king
9:33 Loom
12:40 Feudal Age
13:18 Fishing Lines
13:49 Double-Bit Axe
16:12 Castle Age
15:15 Scale Mail Armor
15:25 Forging
15:52 Arson
16:06 Gold Mining
16:16 Eagle Warrior
16:56 Squires
17:13 Chain Mail Armor
17:33 Iron Casting
17:25 Bow Saw
17:19 Gillnets
18:09 Horse Collar
19:22 Wheelbarrow
24:48 Imperial Age
23:40 Heavy Plow
24:56 Gold Shaft Mining
24:13 Stone Mining
24:54 Elite Eagle Warrior
26:12 Plate Mail Armor
29:36 Town Watch
30:41 Hand Cart
31:23 Conscription
32:26 Blast Furnace
32:20 Garland Wars
32:13 Man-at-Arms
32:38 Gambesons
32:52 Gambesons
32:59 Long Swordsman
33:35 Two-Handed Swordsman
34:11 Champion
35:57 Coinage
35:19 Fletching
37:00 Capped Ram
37:48 Siege Ram
38:46 Pikeman
42:31 Banking
43:56 Crop Rotation
45:35 Bodkin Arrow
45:40 Padded Archer Armor
59:15 Town Patrol
你朋友
10:55 Feudal Age
14:38 Castle Age
12:50 Fishing Lines
13:58 Fletching
14:00 Double-Bit Axe
15:29 Bow Saw
15:38 Bodkin Arrow
16:53 Horse Collar
18:23 Loom
18:49 Scale Barding Armor
19:56 Forging
21:02 Chain Barding Armor
21:06 Town Watch
21:51 Bloodlines
26:50 Wheelbarrow
30:10 Imperial Age
27:49 Gold Mining
28:11 Heavy Plow
31:00 Iron Casting
31:31 Plate Barding Armor
30:53 Cavalier
33:38 Blast Furnace
34:25 Crop Rotation
36:50 Paladin
38:48 Hand Cart
40:01 Town Patrol
41:27 Scale Mail Armor
42:43 Medium Warships
45:10 Ballistics
45:50 Chemistry
44:56 Siege Engineers
46:26 Conscription
46:41 Hoardings
46:36 Clinker Construction
46:37 Careening
47:06 Masonry
49:40 Carvel Hull
53:00 Siphons
53:12 Guard Tower
53:15 Heated Shot
QNA | Apachai Hopachai
9:38 Loom
11:24 Feudal Age
15:30 Castle Age
13:45 Fishing Lines
14:08 Double-Bit Axe
16:33 Medium Warships
19:09 Bow Saw
21:32 Clinker Construction
22:20 Gillnets
24:24 Careening
24:11 Town Watch
25:02 Wheelbarrow
28:34 Imperial Age
26:20 Hand Cart
28:12 Scale Mail Armor
28:57 Horse Collar
29:19 Guard Tower
30:23 Forging
31:21 Yasama
32:03 Iron Casting
34:28 Chemistry
34:31 Blast Furnace
33:22 Fletching
33:53 Ballistics
34:10 Keep
33:15 Pikeman
33:56 Squires
33:41 Arson
34:23 Bodkin Arrow
34:50 Ballistics
34:47 Chain Mail Armor
34:30 Halberdier
36:08 Heavy Plow
37:09 Two-Man Saw
37:05 Conscription
40:12 Arrowslits
40:23 Murder Holes
42:34 Bracer
43:05 Plate Mail Armor
42:43 Siege Engineers
45:21 Padded Archer Armor
45:36 Masonry
45:07 Treadmill Crane
45:30 Town Patrol
AiM | PoRRo
8:48 Loom
10:38 Feudal Age
11:51 Double-Bit Axe
19:10 Castle Age
18:10 Fletching
19:34 Bodkin Arrow
20:27 Medium Warships
25:46 Wheelbarrow
29:23 Fishing Lines
32:35 Gillnets
37:20 Imperial Age
36:28 Clinker Construction
36:29 Careening
38:43 Chemistry
40:05 Conscription
40:03 Padded Archer Armor
40:06 Horse Collar
42:01 Pikeman
45:08 Carvel Hull
45:42 Scale Barding Armor
45:50 Bloodlines
45:00 Cavalier
45:41 Husbandry
47:13 Bow Saw
47:14 Heavy Plow
48:01 Demolition Ship
49:44 Kamandaran
50:10 Stone Mining
50:11 Gold Mining
50:54 Light Cavalry
52:15 Crop Rotation
52:49 Chain Barding Armor
52:40 Forging
51:52 Hussar
53:34 Hoardings
53:16 Masonry
AIM | Agua cate 98
5:59 Loom
13:13 Feudal Age
14:31 Fishing Lines
17:10 Castle Age
16:40 Double-Bit Axe
17:02 Domestication
19:09 Forging
19:06 Scale Barding Armor
19:43 Wheelbarrow
22:50 Iron Casting
24:26 Husbandry
24:53 Town Watch
25:24 Bow Saw
30:47 Chain Barding Armor
31:11 Hand Cart
34:41 Imperial Age
32:15 Gillnets
36:13 Plate Barding Armor
36:32 Elite Steppe Lancer
38:35 Coinage
41:42 Light Cavalry
45:58 Chemistry
44:48 Guard Tower
45:10 Masonry
48:24 Hussar
52:38 Fletching
AiM | Fubuki Sinri
8:16 Loom
11:14 Feudal Age
12:39 Fletching
13:12 Double-Bit Axe
13:08 Horse Collar
18:58 Castle Age
19:07 Crossbowman
19:45 Bodkin Arrow
22:41 Scale Mail Armor
26:56 Squires
43:04 Imperial Age
40:56 Heavy Plow
40:45 Town Watch
42:32 Wheelbarrow
42:10 Padded Archer Armor
45:50 Heavy Plow
46:01 Bow Saw
45:44 Gold Mining
45:44 Stone Mining
47:18 Chemistry
48:47 Elite Rattan Archer
50:58 Bracer
53:06 Ballistics
55:46 Paper Money
57:02 Crop Rotation
Connection lost

Rejoining the realm…

Still unreachable

The connection could not be restored.

Session expired

The server has moved on; the page needs a fresh start.